Calgary Flames vs Winnipeg Jets
(R1)
Created - Thursday, December 12, 2024 at 09:39
Goals
|
| Calgary Flames |
1 |
1 |
2 |
0 |
1 |
4 |
| Winnipeg Jets |
2 |
1 |
1 |
0 |
2 |
5 |
|
Shots
|
| Calgary Flames |
10 |
9 |
13 |
0 |
3 |
32 |
| Winnipeg Jets |
12 |
12 |
8 |
1 |
2 |
33 |
|
1st period
1. Winnipeg Jets , Alexis Lafreniere 30 (Connor McDavid 62) at 0:08
2. Winnipeg Jets , Mason Appleton 23 (Connor Bedard 53, Barclay Goodrow 8) at 0:24
3. Calgary Flames , Oliver Bjorkstrand 18 (Mathieu Joseph 12) at 0:38
Penalties :
Garnet Hathaway (CGY) for Cross-checking (Minor) at 18:00
2nd period
4. Calgary Flames , Matthew Tkachuk 39 (J.T. Miller 60, Pavel Zacha 20) at 0:40
5. Winnipeg Jets , Olen Zellweger 4 (Adam Lowry 26, Andre Burakovsky 21) at 1:39
Penalties :
Zach Hyman (CGY) for Tripping (Minor) at 3:27, Michael Kesselring (WPG) for Tripping (Minor) at 11:39, Garnet Hathaway (CGY) for Tripping (Minor) at 16:11, Oliver Ekman-Larsson (WPG) for Interference (Minor) at 19:16
3rd period
6. Winnipeg Jets , Connor Bedard 30 (Mason Appleton 33, Dylan Samberg 12) at 3:04
7. Calgary Flames , Yakov Trenin 11 (Jeff Petry 12, Nic Dowd 24) at 12:11
8. Calgary Flames , Matthew Tkachuk 40 (Joel Eriksson Ek 49) at 13:52 (PP)
Penalties :
Sam Steel (WPG) for Slashing (Minor) at 3:47, Joel Eriksson Ek (CGY) for Tripping (Minor) at 6:41, Garnet Hathaway (CGY) for Tripping (Minor) at 9:55, Adam Lowry (WPG) for Hooking (Minor) at 13:49, Samuel Montembeault (CGY) for Slashing (Minor) at 15:50 - Garnet Hathaway served the penalty
Overtime #1
No Goal
Penalties :
No Penalty
Shootout
Calgary Flames, J.T. Miller - Goal!
Winnipeg Jets, Connor McDavid - Goal!
Calgary Flames, Nic Dowd - Stopped by Ukko-Pekka Luukkonen
Winnipeg Jets, Connor Bedard - Goal!
Calgary Flames, Joel Eriksson Ek - Stopped by Ukko-Pekka Luukkonen
Penalties :
No Penalty
Goalie Stats
Samuel Montembeault (CGY), 29 saves from 33 shots - (0.879), OTL, 13-7-4, 65:00 minutes
Ukko-Pekka Luukkonen (WPG), 28 saves from 32 shots - (0.875), W, 29-22-9, 65:00 minutes
Players Stats for Calgary Flames
Player Name G A P +/- PIM S H SB GA TA FO MP PP MP PK MP
------------------------------------------------------------------------------------
Cole Sillinger 0 0 0 0 0 2 2 0 0 0 0/1 10:57 0:00 1:02
Drew Doughty 0 0 0 -2 0 0 1 2 0 1 0/0 28:05 3:23 6:39
Garnet Hathaway 0 0 0 1 6 0 1 0 0 0 0/0 8:23 0:00 0:00
J.T. Miller 0 1 1 0 0 4 2 0 0 0 5/8 21:56 2:43 5:20
Jake Middleton 0 0 0 1 0 0 2 1 0 1 0/0 20:21 0:00 5:15
Jeff Petry 0 1 1 0 0 1 1 1 0 0 0/0 16:34 2:37 0:00
Jeremy Lauzon 0 0 0 0 0 0 1 4 1 3 0/0 23:09 2:37 5:15
Joel Eriksson Ek 0 1 1 -2 2 1 1 2 0 2 3/7 22:44 3:09 5:00
Mathieu Joseph 0 1 1 0 0 0 2 0 0 0 0/0 9:52 0:07 0:00
Matthew Tkachuk 2 0 2 0 0 5 1 1 0 0 0/0 22:07 3:02 5:58
Nic Dowd 0 1 1 1 0 1 2 0 1 1 3/3 9:06 0:15 0:00
Oliver Bjorkstrand 1 0 1 0 0 7 1 0 0 0 7/17 13:35 2:51 0:00
Pavel Zacha 0 1 1 0 0 3 1 1 0 0 9/15 22:29 3:02 5:39
Rasmus Andersson 0 0 0 -2 0 1 0 6 0 1 0/0 28:05 3:23 6:39
Sebastian Aho 0 0 0 -2 0 1 1 1 0 0 8/11 13:10 0:00 0:32
Vincent Desharnais 0 0 0 1 0 1 1 0 0 1 0/0 13:46 0:00 0:00
Yakov Trenin 1 0 1 1 0 3 0 0 0 0 0/0 7:53 0:00 0:00
Zach Hyman 0 0 0 -2 2 2 2 1 1 0 0/0 15:49 2:51 0:17
Players Stats for Winnipeg Jets
Player Name G A P +/- PIM S H SB GA TA FO MP PP MP PK MP
------------------------------------------------------------------------------------
Adam Lowry 0 1 1 -1 2 1 3 0 2 0 3/7 20:20 6:42 3:02
Alexis Lafreniere 1 0 1 1 0 4 2 0 2 0 0/2 20:10 4:53 0:00
Andre Burakovsky 0 1 1 -1 0 4 1 1 0 0 0/1 16:30 6:45 0:00
Barclay Goodrow 0 1 1 2 0 1 4 1 0 0 4/7 21:40 4:55 2:56
Brayden Pachal 0 0 0 0 0 0 0 2 0 0 0/0 11:30 0:00 0:02
Cam Atkinson 0 0 0 -1 0 0 1 0 0 1 0/0 8:18 0:00 0:00
Connor Bedard 1 1 2 2 0 6 2 1 1 1 13/20 21:14 6:45 3:02
Connor McDavid 0 1 1 1 0 3 1 0 1 0 6/17 23:40 5:08 2:58
Dylan Samberg 0 1 1 2 0 1 1 0 0 0 0/0 24:18 6:35 4:02
Joel Armia 0 0 0 1 0 1 3 0 0 0 0/0 12:56 0:00 0:00
Mason Appleton 1 1 2 2 0 3 0 0 2 0 0/1 11:25 0:00 0:00
Michael Amadio 0 0 0 -1 0 0 0 1 1 0 0/0 8:18 0:00 0:00
Michael Kesselring 0 0 0 2 2 1 2 1 1 0 0/0 17:07 0:14 1:35
Olen Zellweger 1 0 1 -1 0 4 0 2 0 1 0/0 25:02 5:19 3:36
Oliver Ekman-Larsson 0 0 0 -1 2 2 1 0 0 0 0/0 26:24 5:19 2:03
Olli Maatta 0 0 0 0 0 1 1 2 0 0 0/0 25:57 6:21 0:42
Ridly Greig 0 0 0 -1 0 0 0 0 0 0 1/7 10:02 0:20 0:02
Sam Steel 0 0 0 -1 2 1 0 0 0 0 0/0 9:05 0:14 0:00
3 Stars
1 - Connor Bedard (WPG)
2 - Mason Appleton (WPG)
3 - Matthew Tkachuk (CGY)
Power Play
Calgary Flames - 1 on 4 Attempt(s) - 25.00%
Winnipeg Jets - 0 on 6 Attempt(s) - 0.00%
Penalty Kill
Calgary Flames - 6 on 6 Attempt(s) - 100.00%
- Score 0 goal in Penalty Kill
Winnipeg Jets - 3 on 4 Attempt(s) - 75.00%
- Score 0 goal in Penalty Kill
Team Stat
Calgary Flames - Hits : 22 - Faceoff Wins : 35 - Blocked Shots : 20 - Penalty Minutes : 12
Winnipeg Jets - Hits : 22 - Faceoff Wins : 27 - Blocked Shots : 11 - Penalty Minutes : 8
Official
Referees : Brandon Schrader and Jordan Samuels
Linesman : Libor Suchanek and Bryan Pancich
Game Notes
No Game Note
Finance
Level 1 -- Attendance: 5881 (98.02%) -- Ticket Income $541,052
Level 2 -- Attendance: 5000 (100.00%) -- Ticket Income $275,000
Level 3 -- Attendance: 2702 (90.07%) -- Ticket Income $81,060
Level 4 -- Attendance: 5000 (100.00%) -- Ticket Income $110,000
Luxury Box -- Attendance: 928 (92.80%) -- Ticket Income $176,320
Game was played at the MTS Centre.
Total Attendance: 19511 (97.56%)
Total Ticket Income: $1,183,432
Other Income: $414,201
Total Income: $1,597,633
Calgary Flames
5 vs 5 Forward
Center Left Wing Right Wing Time % Phy DF OF
1 J.T. Miller Pavel Zacha Matthew Tkachuk 30 1 2 2
2 Sebastian Aho Zach Hyman Joel Eriksson Ek 30 1 2 2
3 Oliver Bjorkstrand Cole Sillinger Mathieu Joseph 25 1 2 2
4 Nic Dowd Yakov Trenin Garnet Hathaway 15 1 2 2
5 vs 5 Defense
Defense Defense Time % Phy DF OF
1 Drew Doughty Rasmus Andersson 35 1 2 2
2 Jeff Petry Jeremy Lauzon 35 1 2 2
3 Jake Middleton Vincent Desharnais 30 1 2 2
4 Drew Doughty Rasmus Andersson 0 1 2 2
PowerPlay Forward
Center Left Wing Right Wing Time % Phy DF OF
1 Joel Eriksson Ek Pavel Zacha Matthew Tkachuk 50 1 2 2
2 Oliver Bjorkstrand Zach Hyman J.T. Miller 50 1 2 2
PowerPlay Defense
Defense Defense Time % Phy DF OF
1 Drew Doughty Rasmus Andersson 50 1 2 2
2 Jeremy Lauzon Jeff Petry 50 1 2 2
Penalty Kill 4 Players Forward
Center Wing Time % Phy DF OF
1 Pavel Zacha J.T. Miller 50 1 2 2
2 Joel Eriksson Ek Matthew Tkachuk 50 1 2 2
Penalty Kill 4 Players Defense
Defense Defense Time % Phy DF OF
1 Drew Doughty Rasmus Andersson 50 1 2 2
2 Jake Middleton Jeremy Lauzon 50 1 2 2
Penalty Kill - 3 Players Forward
Forward Time % Phy DF OF
1 Matthew Tkachuk 50 1 2 2
2 Pavel Zacha 50 1 2 2
Penalty Kill - 3 Players Defense
Defense Defense Time % Phy DF OF
1 Drew Doughty Rasmus Andersson 50 1 2 2
2 Jeremy Lauzon Jake Middleton 50 1 2 2
4 vs 4 Forward
Center Wing Time % Phy DF OF
1 Pavel Zacha J.T. Miller 50 1 2 2
2 Joel Eriksson Ek Matthew Tkachuk 50 1 2 2
4 vs 4 Defense
Defense Defense Time % Phy DF OF
1 Drew Doughty Rasmus Andersson 50 1 2 2
2 Jake Middleton Vincent Desharnais 50 1 2 2
Last Minutes Offensive
Center Left Wing Right Wing Defense Defense
J.T. Miller Pavel Zacha Matthew Tkachuk Drew Doughty Rasmus Andersson
Last Minutes Defensive
Center Left Wing Right Wing Defense Defense
J.T. Miller Pavel Zacha Matthew Tkachuk Drew Doughty Rasmus Andersson
Goaltenders
Starting : Samuel Montembeault
Backup : Ilya Sorokin
Extra Forwards
Normal : Nic Dowd, Oliver Bjorkstrand, Cole Sillinger - PP : Nic Dowd, Oliver Bjorkstrand - PK : Cole Sillinger
Extra Defensemen
Normal : Jake Middleton, Jeremy Lauzon, Rasmus Andersson - PP : Jake Middleton - PK : Jeremy Lauzon, Rasmus Andersson
Penalty Shots
J.T. Miller, Nic Dowd, Joel Eriksson Ek, Matthew Tkachuk, Pavel Zacha
Scratches
Timo Meier (Healthy), Noel Acciari (Healthy), Rafael Harvey-Pinard (Healthy), Kris Letang (Healthy)
Winnipeg Jets
5 vs 5 Forward
Center Left Wing Right Wing Time % Phy DF OF
1 Connor McDavid Alexis Lafreniere Joel Armia 30 1 2 2
2 Connor Bedard Mason Appleton Barclay Goodrow 30 1 2 2
3 Adam Lowry Andre Burakovsky Sam Steel 25 1 2 2
4 Ridly Greig Michael Amadio Cam Atkinson 15 1 2 2
5 vs 5 Defense
Defense Defense Time % Phy DF OF
1 Oliver Ekman-Larsson Olli Maatta 30 1 2 2
2 Dylan Samberg Michael Kesselring 30 1 2 2
3 Brayden Pachal Olen Zellweger 25 1 2 2
4 Oliver Ekman-Larsson Olli Maatta 15 1 2 2
PowerPlay Forward
Center Left Wing Right Wing Time % Phy DF OF
1 Connor McDavid Alexis Lafreniere Barclay Goodrow 50 1 2 2
2 Connor Bedard Adam Lowry Andre Burakovsky 50 1 2 2
PowerPlay Defense
Defense Defense Time % Phy DF OF
1 Oliver Ekman-Larsson Olen Zellweger 50 1 2 2
2 Dylan Samberg Olli Maatta 50 1 2 2
Penalty Kill 4 Players Forward
Center Wing Time % Phy DF OF
1 Adam Lowry Connor Bedard 50 1 2 2
2 Barclay Goodrow Connor McDavid 50 1 2 2
Penalty Kill 4 Players Defense
Defense Defense Time % Phy DF OF
1 Olen Zellweger Oliver Ekman-Larsson 50 1 2 2
2 Dylan Samberg Michael Kesselring 50 1 2 2
Penalty Kill - 3 Players Forward
Forward Time % Phy DF OF
1 Adam Lowry 50 1 2 2
2 Barclay Goodrow 50 1 2 2
Penalty Kill - 3 Players Defense
Defense Defense Time % Phy DF OF
1 Olen Zellweger Dylan Samberg 50 1 2 2
2 Olli Maatta Oliver Ekman-Larsson 50 1 2 2
4 vs 4 Forward
Center Wing Time % Phy DF OF
1 Connor McDavid Alexis Lafreniere 50 1 2 2
2 Adam Lowry Barclay Goodrow 50 1 2 2
4 vs 4 Defense
Defense Defense Time % Phy DF OF
1 Oliver Ekman-Larsson Olli Maatta 50 1 2 2
2 Olen Zellweger Michael Kesselring 50 1 2 2
Last Minutes Offensive
Center Left Wing Right Wing Defense Defense
Connor McDavid Alexis Lafreniere Connor Bedard Oliver Ekman-Larsson Olen Zellweger
Last Minutes Defensive
Center Left Wing Right Wing Defense Defense
Adam Lowry Barclay Goodrow Joel Armia Michael Kesselring Olli Maatta
Goaltenders
Starting : Ukko-Pekka Luukkonen
Backup : Martin Jones
Extra Forwards
Normal : Ridly Greig, Andre Burakovsky, Connor McDavid - PP : Ridly Greig, Sam Steel - PK : Ridly Greig
Extra Defensemen
Normal : Olli Maatta, Michael Kesselring, Dylan Samberg - PP : Michael Kesselring - PK : Olen Zellweger, Dylan Samberg
Penalty Shots
Connor McDavid, Connor Bedard, Alexis Lafreniere, Andre Burakovsky, Adam Lowry
Scratches
Jason Zucker (Healthy), Oliver Kylington (Healthy), Nate Schmidt (Healthy)
% Time on Ice - Calgary Flames
Lines # - Real PCT - Wanted PCT - Time Play
Normal Forward
1 - 28% - 30% - 11:37
2 - 31% - 30% - 12:51
3 - 23% - 25% - 9:45
4 - 19% - 15% - 7:53
Normal Defense
1 - 36% - 35% - 15:03
2 - 34% - 35% - 14:29
3 - 28% - 30% - 11:59
4 - 1% - 0% - 0:35
PP Forward
1 - 53% - 50% - 3:09
2 - 48% - 50% - 2:51
PP Defense
1 - 56% - 50% - 3:23
2 - 44% - 50% - 2:37
PK Forward
1 - 47% - 50% - 5:37
2 - 53% - 50% - 6:17
PK Defense
1 - 56% - 50% - 6:39
2 - 44% - 50% - 5:15
PK3 Forward
1 - 0% - 50%
2 - 0% - 50%
PK3 Defense
1 - 0% - 50%
2 - 0% - 50%
44 Forward
1 - 44% - 50% - 2:12
2 - 56% - 50% - 2:48
44 Defense
1 - 53% - 50% - 2:40
2 - 47% - 50% - 2:20
Last Minute Offensive - 0:00
Last Minute Defensive - 0:00
Total
Forward - 65:00
Defense - 65:00
|
% Time on Ice - Winnipeg Jets
Lines # - Real PCT - Wanted PCT - Time Play
Normal Forward
1 - 32% - 30% - 13:17
2 - 28% - 30% - 11:48
3 - 21% - 25% - 8:43
4 - 20% - 15% - 8:18
Normal Defense
1 - 32% - 30% - 13:20
2 - 32% - 30% - 13:27
3 - 26% - 25% - 10:57
4 - 10% - 15% - 4:22
PP Forward
1 - 43% - 50% - 5:09
2 - 57% - 50% - 6:45
PP Defense
1 - 45% - 50% - 5:19
2 - 55% - 50% - 6:35
PK Forward
1 - 51% - 50% - 3:02
2 - 49% - 50% - 2:58
PK Defense
1 - 48% - 50% - 2:53
2 - 52% - 50% - 3:07
PK3 Forward
1 - 0% - 50%
2 - 0% - 50%
PK3 Defense
1 - 0% - 50%
2 - 0% - 50%
44 Forward
1 - 55% - 50% - 2:46
2 - 45% - 50% - 2:14
44 Defense
1 - 58% - 50% - 2:53
2 - 42% - 50% - 2:07
Last Minute Offensive - 0:00
Last Minute Defensive - 0:00
Total
Forward - 65:00
Defense - 65:00
|
Play-by-Play
1st period
0:01 of 1st period - Connor McDavid wins face-off versus J.T. Miller in neutral zone.
0:08 of 1st period - Wrist shot by Connor McDavid.
0:08 of 1st period - Deflect By Alexis Lafreniere.
0:08 of 1st period - Goal by Alexis Lafreniere - Calgary Flames : 0 - Winnipeg Jets : 1.
0:09 of 1st period - Sebastian Aho wins face-off versus Connor Bedard in neutral zone.
0:24 of 1st period - Wrist shot by Mason Appleton.
0:24 of 1st period - Goal by Mason Appleton - Calgary Flames : 0 - Winnipeg Jets : 2.
0:25 of 1st period - Oliver Bjorkstrand wins face-off versus Adam Lowry in neutral zone.
0:38 of 1st period - Wrist shot by Oliver Bjorkstrand.
0:38 of 1st period - Goal by Oliver Bjorkstrand - Calgary Flames : 1 - Winnipeg Jets : 2.
0:39 of 1st period - Nic Dowd wins face-off versus Ridly Greig in neutral zone.
1:11 of 1st period - Snap shot by J.T. Miller.
1:11 of 1st period - Shot Hit the Post.
1:13 of 1st period - Slapshot by Jeff Petry.
1:13 of 1st period - Stopped by Ukko-Pekka Luukkonen without a rebound.
1:14 of 1st period - Connor Bedard wins face-off versus Sebastian Aho in Winnipeg Jets zone.
1:39 of 1st period - Michael Kesselring is hit by Mathieu Joseph and loses puck.
2:14 of 1st period - Snap shot by Alexis Lafreniere.
2:14 of 1st period - Stopped by Samuel Montembeault with a rebound.
3:08 of 1st period - Snap shot by Oliver Bjorkstrand.
3:08 of 1st period - Stopped by Ukko-Pekka Luukkonen with a rebound.
3:10 of 1st period - Snap shot by Oliver Bjorkstrand.
3:10 of 1st period - Stopped by Ukko-Pekka Luukkonen without a rebound.
3:11 of 1st period - Connor McDavid wins face-off versus J.T. Miller in Winnipeg Jets zone.
3:37 of 1st period - Drew Doughty is hit by Barclay Goodrow and loses puck.
4:06 of 1st period - Brayden Pachal is hit by Jeremy Lauzon and loses puck.
4:46 of 1st period - Rasmus Andersson is hit by Barclay Goodrow and loses puck.
6:02 of 1st period - Mason Appleton is hit by Matthew Tkachuk and loses puck.
6:22 of 1st period - Slapshot by Alexis Lafreniere.
6:22 of 1st period - Shot Misses the Net.
6:36 of 1st period - Jake Middleton is hit by Michael Kesselring and loses puck.
6:51 of 1st period - Snap shot by Matthew Tkachuk.
6:51 of 1st period - Stopped by Ukko-Pekka Luukkonen with a rebound.
7:13 of 1st period - Dylan Samberg is hit by Garnet Hathaway and loses puck.
7:51 of 1st period - Snap shot by Matthew Tkachuk.
7:51 of 1st period - Deflect By Connor McDavid.
7:51 of 1st period - Stopped by Ukko-Pekka Luukkonen without a rebound.
7:52 of 1st period - J.T. Miller wins face-off versus Connor Bedard in Winnipeg Jets zone.
8:30 of 1st period - Icing by Oliver Ekman-Larsson.
8:31 of 1st period - Sebastian Aho wins face-off versus Adam Lowry in Winnipeg Jets zone.
9:02 of 1st period - Slapshot by Connor McDavid.
9:02 of 1st period - Shot Blocked by Jeff Petry.
9:10 of 1st period - Wrist shot by Connor McDavid.
9:10 of 1st period - Shot Misses the Net.
9:12 of 1st period - Slapshot by Oliver Ekman-Larsson.
9:12 of 1st period - Stopped by Samuel Montembeault without a rebound.
9:13 of 1st period - Connor Bedard wins face-off versus Oliver Bjorkstrand in Calgary Flames zone.
9:16 of 1st period - Slapshot by Barclay Goodrow.
9:16 of 1st period - Stopped by Samuel Montembeault without a rebound.
9:17 of 1st period - Connor Bedard wins face-off versus Oliver Bjorkstrand in Calgary Flames zone.
10:49 of 1st period - Wrist shot by J.T. Miller.
10:49 of 1st period - Stopped by Ukko-Pekka Luukkonen with a rebound.
11:02 of 1st period - Snap shot by Connor Bedard.
11:02 of 1st period - Shot Blocked by Jake Middleton.
11:04 of 1st period - Wrist shot by Mason Appleton.
11:04 of 1st period - Stopped by Samuel Montembeault without a rebound.
11:05 of 1st period - Sebastian Aho wins face-off versus Connor McDavid in Calgary Flames zone.
11:18 of 1st period - Off-side.
11:19 of 1st period - Oliver Bjorkstrand wins face-off versus Alexis Lafreniere in neutral zone.
11:38 of 1st period - Cole Sillinger is hit by Joel Armia and loses puck.
11:51 of 1st period - Wrist shot by Zach Hyman.
11:51 of 1st period - Stopped by Ukko-Pekka Luukkonen with a rebound.
11:53 of 1st period - Wrist shot by Joel Eriksson Ek.
11:53 of 1st period - Deflect By Zach Hyman.
11:53 of 1st period - Shot Blocked by Andre Burakovsky.
11:53 of 1st period - Puck is out of play.
11:54 of 1st period - Sebastian Aho wins face-off versus Connor Bedard in Winnipeg Jets zone.
12:05 of 1st period - Wrist shot by Connor Bedard.
12:05 of 1st period - Stopped by Samuel Montembeault with a rebound.
12:24 of 1st period - Oliver Ekman-Larsson is hit by Nic Dowd and loses puck.
12:41 of 1st period - Michael Amadio is hit by Mathieu Joseph.
12:45 of 1st period - Jake Middleton is hit by Dylan Samberg and loses puck.
13:12 of 1st period - Wrist shot by J.T. Miller.
13:12 of 1st period - Stopped by Ukko-Pekka Luukkonen with a rebound.
13:26 of 1st period - Icing by Joel Eriksson Ek.
13:27 of 1st period - Sebastian Aho wins face-off versus Barclay Goodrow in Calgary Flames zone.
13:32 of 1st period - Oliver Ekman-Larsson is hit by Joel Eriksson Ek and loses puck.
13:53 of 1st period - Olli Maatta is hit by Drew Doughty and loses puck.
14:21 of 1st period - Wrist shot by Connor Bedard.
14:21 of 1st period - Shot Misses the Net.
14:23 of 1st period - Slapshot by Olli Maatta.
14:23 of 1st period - Shot Blocked by Drew Doughty.
14:25 of 1st period - Backhand shot by Barclay Goodrow.
14:25 of 1st period - Shot Blocked by Joel Eriksson Ek.
14:27 of 1st period - Snap shot by Mason Appleton.
14:27 of 1st period - Shot Blocked by Rasmus Andersson.
14:29 of 1st period - Wrist shot by Mason Appleton.
14:29 of 1st period - Shot Blocked by Drew Doughty.
14:31 of 1st period - Snap shot by Connor Bedard.
14:31 of 1st period - Shot Blocked by Rasmus Andersson.
14:33 of 1st period - Snap shot by Mason Appleton.
14:33 of 1st period - Stopped by Samuel Montembeault with a rebound.
14:48 of 1st period - Wrist shot by Connor Bedard.
14:48 of 1st period - Shot Misses the Net.
14:50 of 1st period - Slapshot by Olli Maatta.
14:50 of 1st period - Deflect By Connor Bedard.
14:50 of 1st period - Stopped by Samuel Montembeault with a rebound.
14:52 of 1st period - Slapshot by Olli Maatta.
14:52 of 1st period - Shot Blocked by Rasmus Andersson.
14:54 of 1st period - Slapshot by Olli Maatta.
14:54 of 1st period - Deflect By Connor Bedard.
14:54 of 1st period - Stopped by Samuel Montembeault without a rebound.
14:55 of 1st period - Connor McDavid wins face-off versus Oliver Bjorkstrand in Calgary Flames zone.
15:10 of 1st period - Wrist shot by Mathieu Joseph.
15:10 of 1st period - Deflect By Oliver Bjorkstrand.
15:10 of 1st period - Stopped by Ukko-Pekka Luukkonen with a rebound.
16:39 of 1st period - Cole Sillinger is hit by Cam Atkinson and loses puck.
17:27 of 1st period - Dylan Samberg is hit by Zach Hyman and loses puck.
18:00 of 1st period - Minor Penalty to Garnet Hathaway for Cross-checking.
18:01 of 1st period - Pavel Zacha wins face-off versus Connor McDavid in Calgary Flames zone.
18:01 of 1st period - Pavel Zacha is hit by Connor McDavid.
18:35 of 1st period - Snap shot by Andre Burakovsky.
18:35 of 1st period - Stopped by Samuel Montembeault without a rebound.
18:36 of 1st period - Connor Bedard wins face-off versus Joel Eriksson Ek in Calgary Flames zone.
19:09 of 1st period - Wrist shot by Connor McDavid.
19:09 of 1st period - Stopped by Samuel Montembeault with a rebound.
0:00 of 2nd period - Penalty to Garnet Hathaway is over, Garnet Hathaway is back on ice.
Goals for this period are 1 for Calgary Flames vs 2 for Winnipeg Jets.
Shots for this period are 10 for Calgary Flames vs 12 for Winnipeg Jets.
2nd period
0:01 of 2nd period - Oliver Bjorkstrand wins face-off versus Connor McDavid in neutral zone.
0:30 of 2nd period - Snap shot by J.T. Miller.
0:30 of 2nd period - Shot Hit the Post.
0:34 of 2nd period - Snap shot by Matthew Tkachuk.
0:34 of 2nd period - Shot Misses the Net.
0:40 of 2nd period - Snap shot by Matthew Tkachuk.
0:40 of 2nd period - Goal by Matthew Tkachuk - Calgary Flames : 2 - Winnipeg Jets : 2.
0:41 of 2nd period - Sebastian Aho wins face-off versus Connor McDavid in neutral zone.
0:50 of 2nd period - Snap shot by Connor McDavid.
0:50 of 2nd period - Stopped by Samuel Montembeault with a rebound.
0:52 of 2nd period - Snap shot by Connor McDavid.
0:52 of 2nd period - Shot Blocked by Rasmus Andersson.
0:54 of 2nd period - Slapshot by Brayden Pachal.
0:54 of 2nd period - Shot Hit the Post.
1:35 of 2nd period - Snap shot by Adam Lowry.
1:35 of 2nd period - Stopped by Samuel Montembeault with a rebound.
1:37 of 2nd period - Snap shot by Olen Zellweger.
1:37 of 2nd period - Stopped by Samuel Montembeault with a rebound.
1:39 of 2nd period - Slapshot by Olen Zellweger.
1:39 of 2nd period - Goal by Olen Zellweger - Calgary Flames : 2 - Winnipeg Jets : 3.
1:40 of 2nd period - Connor McDavid wins face-off versus Sebastian Aho in neutral zone.
2:19 of 2nd period - Icing by Oliver Ekman-Larsson.
2:20 of 2nd period - Connor Bedard wins face-off versus Oliver Bjorkstrand in Winnipeg Jets zone.
3:09 of 2nd period - Joel Eriksson Ek is hit by Adam Lowry and loses puck.
3:18 of 2nd period - Adam Lowry is hit by Jeff Petry and loses puck.
3:27 of 2nd period - Minor Penalty to Zach Hyman for Tripping.
3:28 of 2nd period - Connor Bedard wins face-off versus Pavel Zacha in Calgary Flames zone.
3:41 of 2nd period - Wrist shot by Connor Bedard.
3:41 of 2nd period - Deflect By Andre Burakovsky.
3:41 of 2nd period - Shot Blocked by Jeremy Lauzon.
3:41 of 2nd period - Puck is out of play.
3:42 of 2nd period - Connor McDavid wins face-off versus Joel Eriksson Ek in Calgary Flames zone.
3:53 of 2nd period - Snap shot by Alexis Lafreniere.
3:53 of 2nd period - Shot Misses the Net.
3:55 of 2nd period - Wrist shot by Dylan Samberg.
3:55 of 2nd period - Stopped by Samuel Montembeault without a rebound.
3:56 of 2nd period - Pavel Zacha wins face-off versus Andre Burakovsky in Calgary Flames zone.
4:11 of 2nd period - Snap shot by Andre Burakovsky.
4:11 of 2nd period - Shot Blocked by Joel Eriksson Ek.
5:27 of 2nd period - Penalty to Zach Hyman is over, Zach Hyman is back on ice.
5:58 of 2nd period - Slapshot by Drew Doughty.
5:58 of 2nd period - Deflect By Yakov Trenin.
5:58 of 2nd period - Stopped by Ukko-Pekka Luukkonen with a rebound.
7:10 of 2nd period - Snap shot by Yakov Trenin.
7:10 of 2nd period - Shot Misses the Net.
7:34 of 2nd period - Ridly Greig is hit by J.T. Miller and loses puck.
8:12 of 2nd period - Jeff Petry is hit by Connor Bedard and loses puck.
8:25 of 2nd period - Rasmus Andersson is hit by Adam Lowry and loses puck.
8:33 of 2nd period - Icing by Drew Doughty.
8:34 of 2nd period - Oliver Bjorkstrand wins face-off versus Connor McDavid in Calgary Flames zone.
9:03 of 2nd period - Joel Eriksson Ek is hit by Adam Lowry.
9:27 of 2nd period - Olli Maatta is hit by Cole Sillinger and loses puck.
9:51 of 2nd period - Yakov Trenin is hit by Oliver Ekman-Larsson and loses puck.
10:12 of 2nd period - Wrist shot by Alexis Lafreniere.
10:12 of 2nd period - Stopped by Samuel Montembeault without a rebound.
10:13 of 2nd period - J.T. Miller wins face-off versus Connor McDavid in Calgary Flames zone.
10:28 of 2nd period - Rasmus Andersson is hit by Michael Kesselring and loses puck.
10:36 of 2nd period - Icing by Drew Doughty.
10:37 of 2nd period - Connor Bedard wins face-off versus Pavel Zacha in Calgary Flames zone.
11:39 of 2nd period - Minor Penalty to Michael Kesselring for Tripping.
11:40 of 2nd period - Adam Lowry wins face-off versus Oliver Bjorkstrand in Winnipeg Jets zone.
12:35 of 2nd period - Connor McDavid is hit by Pavel Zacha and loses puck.
13:39 of 2nd period - Penalty to Michael Kesselring is over, Michael Kesselring is back on ice.
13:50 of 2nd period - Snap shot by Cam Atkinson.
13:50 of 2nd period - Shot Blocked by Jeremy Lauzon.
13:52 of 2nd period - Slapshot by Olli Maatta.
13:52 of 2nd period - Stopped by Samuel Montembeault without a rebound.
13:53 of 2nd period - Nic Dowd wins face-off versus Ridly Greig in Calgary Flames zone.
14:00 of 2nd period - Slapshot by Nic Dowd.
14:00 of 2nd period - Shot Blocked by Michael Amadio.
14:04 of 2nd period - Slapshot by Yakov Trenin.
14:04 of 2nd period - Shot Blocked by Michael Kesselring.
14:06 of 2nd period - Snap shot by Garnet Hathaway.
14:06 of 2nd period - Shot Misses the Net.
14:08 of 2nd period - Wrist shot by Nic Dowd.
14:08 of 2nd period - Shot Misses the Net.
14:10 of 2nd period - Wrist shot by Vincent Desharnais.
14:10 of 2nd period - Stopped by Ukko-Pekka Luukkonen without a rebound.
14:11 of 2nd period - Oliver Bjorkstrand wins face-off versus Mason Appleton in Winnipeg Jets zone.
14:12 of 2nd period - Wrist shot by Cole Sillinger.
14:12 of 2nd period - Shot Misses the Net.
14:14 of 2nd period - Snap shot by Oliver Bjorkstrand.
14:14 of 2nd period - Stopped by Ukko-Pekka Luukkonen with a rebound.
14:16 of 2nd period - Slapshot by Cole Sillinger.
14:16 of 2nd period - Shot Misses the Net.
14:18 of 2nd period - Snap shot by Cole Sillinger.
14:18 of 2nd period - Stopped by Ukko-Pekka Luukkonen with a rebound.
14:20 of 2nd period - Slapshot by Rasmus Andersson.
14:20 of 2nd period - Shot Blocked by Olli Maatta.
14:22 of 2nd period - Snap shot by Cole Sillinger.
14:22 of 2nd period - Stopped by Ukko-Pekka Luukkonen with a rebound.
15:02 of 2nd period - Snap shot by Andre Burakovsky.
15:02 of 2nd period - Stopped by Samuel Montembeault with a rebound.
15:04 of 2nd period - Slapshot by Sam Steel.
15:04 of 2nd period - Stopped by Samuel Montembeault without a rebound.
15:05 of 2nd period - Oliver Bjorkstrand wins face-off versus Connor Bedard in Calgary Flames zone.
15:16 of 2nd period - Wrist shot by Oliver Bjorkstrand.
15:16 of 2nd period - Stopped by Ukko-Pekka Luukkonen with a rebound.
15:36 of 2nd period - Snap shot by Sebastian Aho.
15:36 of 2nd period - Shot Misses the Net.
16:11 of 2nd period - Minor Penalty to Garnet Hathaway for Tripping.
16:12 of 2nd period - Connor Bedard wins face-off versus Pavel Zacha in Calgary Flames zone.
16:19 of 2nd period - Icing by Connor Bedard.
16:20 of 2nd period - Joel Eriksson Ek wins face-off versus Connor Bedard in Winnipeg Jets zone.
16:23 of 2nd period - Wrist shot by Matthew Tkachuk.
16:23 of 2nd period - Stopped by Ukko-Pekka Luukkonen with a rebound.
16:30 of 2nd period - Icing by Andre Burakovsky.
16:31 of 2nd period - Connor Bedard wins face-off versus Pavel Zacha in Winnipeg Jets zone.
16:54 of 2nd period - Slapshot by Oliver Ekman-Larsson.
16:54 of 2nd period - Shot Blocked by Matthew Tkachuk.
16:56 of 2nd period - Snap shot by Connor Bedard.
16:56 of 2nd period - Stopped by Samuel Montembeault without a rebound.
16:57 of 2nd period - Pavel Zacha wins face-off versus Connor McDavid in Calgary Flames zone.
17:16 of 2nd period - Pavel Zacha is hit by Barclay Goodrow and loses puck.
18:11 of 2nd period - Penalty to Garnet Hathaway is over, Garnet Hathaway is back on ice.
18:16 of 2nd period - Icing by Garnet Hathaway.
18:17 of 2nd period - Ridly Greig wins face-off versus Pavel Zacha in Calgary Flames zone.
18:20 of 2nd period - Wrist shot by Michael Amadio.
18:20 of 2nd period - Shot Misses the Net.
18:22 of 2nd period - Snap shot by Michael Kesselring.
18:22 of 2nd period - Stopped by Samuel Montembeault with a rebound.
19:08 of 2nd period - Snap shot by Joel Eriksson Ek.
19:08 of 2nd period - Shot Misses the Net.
19:10 of 2nd period - Slapshot by Rasmus Andersson.
19:10 of 2nd period - Shot Blocked by Brayden Pachal.
19:12 of 2nd period - Slapshot by Zach Hyman.
19:12 of 2nd period - Stopped by Ukko-Pekka Luukkonen without a rebound.
19:13 of 2nd period - Adam Lowry wins face-off versus Oliver Bjorkstrand in Winnipeg Jets zone.
19:13 of 2nd period - Adam Lowry is hit by Oliver Bjorkstrand.
19:16 of 2nd period - Minor Penalty to Oliver Ekman-Larsson for Interference.
19:17 of 2nd period - Connor Bedard wins face-off versus Joel Eriksson Ek in Winnipeg Jets zone.
19:23 of 2nd period - Slapshot by Olen Zellweger.
19:23 of 2nd period - Shot Blocked by Jeremy Lauzon.
19:29 of 2nd period - Slapshot by Adam Lowry.
19:29 of 2nd period - Shot Blocked by Pavel Zacha.
19:31 of 2nd period - Slapshot by Olen Zellweger.
19:31 of 2nd period - Stopped by Samuel Montembeault without a rebound.
19:32 of 2nd period - Barclay Goodrow wins face-off versus Oliver Bjorkstrand in Calgary Flames zone.
19:35 of 2nd period - Slapshot by Olen Zellweger.
19:35 of 2nd period - Deflect By Barclay Goodrow.
19:35 of 2nd period - Shot Misses the Net.
19:35 of 2nd period - Puck is out of play.
19:36 of 2nd period - Barclay Goodrow wins face-off versus Oliver Bjorkstrand in Calgary Flames zone.
Goals for this period are 1 for Calgary Flames vs 1 for Winnipeg Jets.
Shots for this period are 9 for Calgary Flames vs 12 for Winnipeg Jets.
3rd period
0:01 of 3rd period - Barclay Goodrow wins face-off versus Joel Eriksson Ek in neutral zone.
0:09 of 3rd period - Icing by Matthew Tkachuk.
0:10 of 3rd period - Joel Eriksson Ek wins face-off versus Barclay Goodrow in Calgary Flames zone.
0:29 of 3rd period - Snap shot by Pavel Zacha.
0:29 of 3rd period - Stopped by Ukko-Pekka Luukkonen with a rebound.
0:51 of 3rd period - Wrist shot by Connor McDavid.
0:51 of 3rd period - Shot Misses the Net.
1:04 of 3rd period - Slapshot by Rasmus Andersson.
1:04 of 3rd period - Stopped by Ukko-Pekka Luukkonen with a rebound.
1:10 of 3rd period - Snap shot by Oliver Bjorkstrand.
1:10 of 3rd period - Deflect By Zach Hyman.
1:10 of 3rd period - Shot Misses the Net.
1:10 of 3rd period - Puck is out of play.
1:11 of 3rd period - Barclay Goodrow wins face-off versus Oliver Bjorkstrand in Winnipeg Jets zone.
1:16 of 3rd period - Penalty to Oliver Ekman-Larsson is over, Oliver Ekman-Larsson is back on ice.
1:20 of 3rd period - Snap shot by Oliver Ekman-Larsson.
1:20 of 3rd period - Stopped by Samuel Montembeault with a rebound.
1:26 of 3rd period - Slapshot by J.T. Miller.
1:26 of 3rd period - Stopped by Ukko-Pekka Luukkonen with a rebound.
1:28 of 3rd period - Wrist shot by J.T. Miller.
1:28 of 3rd period - Shot Blocked by Barclay Goodrow.
2:56 of 3rd period - Slapshot by Mason Appleton.
2:56 of 3rd period - Shot Misses the Net.
2:58 of 3rd period - Slapshot by Connor Bedard.
2:58 of 3rd period - Shot Misses the Net.
3:00 of 3rd period - Snap shot by Connor Bedard.
3:00 of 3rd period - Shot Blocked by Sebastian Aho.
3:02 of 3rd period - Snap shot by Connor Bedard.
3:02 of 3rd period - Shot Blocked by Zach Hyman.
3:04 of 3rd period - Snap shot by Connor Bedard.
3:04 of 3rd period - Goal by Connor Bedard - Calgary Flames : 2 - Winnipeg Jets : 4.
3:05 of 3rd period - Connor Bedard wins face-off versus Sebastian Aho in neutral zone.
3:31 of 3rd period - Joel Armia is hit by Jake Middleton and loses puck.
3:40 of 3rd period - Snap shot by Oliver Bjorkstrand.
3:40 of 3rd period - Stopped by Ukko-Pekka Luukkonen without a rebound.
3:41 of 3rd period - J.T. Miller wins face-off versus Adam Lowry in Winnipeg Jets zone.
3:47 of 3rd period - Minor Penalty to Sam Steel for Slashing.
3:48 of 3rd period - Adam Lowry wins face-off versus Oliver Bjorkstrand in Winnipeg Jets zone.
5:19 of 3rd period - Adam Lowry is hit by J.T. Miller and loses puck.
5:47 of 3rd period - Penalty to Sam Steel is over, Sam Steel is back on ice.
5:58 of 3rd period - Slapshot by Michael Amadio.
5:58 of 3rd period - Shot Misses the Net.
6:16 of 3rd period - Jake Middleton is hit by Joel Armia and loses puck.
6:41 of 3rd period - Minor Penalty to Joel Eriksson Ek for Tripping.
6:42 of 3rd period - Pavel Zacha wins face-off versus Connor McDavid in Calgary Flames zone.
6:42 of 3rd period - Pavel Zacha is hit by Alexis Lafreniere.
8:41 of 3rd period - Penalty to Joel Eriksson Ek is over, Joel Eriksson Ek is back on ice.
8:54 of 3rd period - Ridly Greig is hit by Nic Dowd and loses puck.
9:55 of 3rd period - Minor Penalty to Garnet Hathaway for Tripping.
9:56 of 3rd period - Pavel Zacha wins face-off versus Alexis Lafreniere in Calgary Flames zone.
10:01 of 3rd period - Snap shot by Pavel Zacha.
10:01 of 3rd period - Stopped by Ukko-Pekka Luukkonen with a rebound.
10:11 of 3rd period - Pavel Zacha is hit by Barclay Goodrow and loses puck.
10:22 of 3rd period - Pavel Zacha is hit by Andre Burakovsky and loses puck.
11:55 of 3rd period - Penalty to Garnet Hathaway is over, Garnet Hathaway is back on ice.
12:03 of 3rd period - Icing by Cam Atkinson.
12:04 of 3rd period - Nic Dowd wins face-off versus Ridly Greig in Winnipeg Jets zone.
12:09 of 3rd period - Wrist shot by Yakov Trenin.
12:09 of 3rd period - Stopped by Ukko-Pekka Luukkonen with a rebound.
12:11 of 3rd period - Slapshot by Jeff Petry.
12:11 of 3rd period - Deflect By Yakov Trenin.
12:11 of 3rd period - Goal by Yakov Trenin - Calgary Flames : 3 - Winnipeg Jets : 4.
12:12 of 3rd period - Connor Bedard wins face-off versus J.T. Miller in neutral zone.
12:44 of 3rd period - Icing by Rasmus Andersson.
12:45 of 3rd period - Sebastian Aho wins face-off versus Connor McDavid in Calgary Flames zone.
12:50 of 3rd period - Connor McDavid is hit by Sebastian Aho and loses puck.
13:32 of 3rd period - Snap shot by Joel Eriksson Ek.
13:32 of 3rd period - Stopped by Ukko-Pekka Luukkonen without a rebound.
13:33 of 3rd period - J.T. Miller wins face-off versus Adam Lowry in Winnipeg Jets zone.
13:38 of 3rd period - Snap shot by J.T. Miller.
13:38 of 3rd period - Shot Misses the Net.
13:40 of 3rd period - Snap shot by Jake Middleton.
13:40 of 3rd period - Shot Blocked by Olli Maatta.
13:49 of 3rd period - Minor Penalty to Adam Lowry for Hooking.
13:50 of 3rd period - Joel Eriksson Ek wins face-off versus Barclay Goodrow in Winnipeg Jets zone.
13:52 of 3rd period - Wrist shot by Matthew Tkachuk.
13:52 of 3rd period - Goal by Matthew Tkachuk - Calgary Flames : 4 - Winnipeg Jets : 4.
13:53 of 3rd period - J.T. Miller wins face-off versus Connor Bedard in neutral zone.
13:56 of 3rd period - Wrist shot by Matthew Tkachuk.
13:56 of 3rd period - Shot Misses the Net.
13:58 of 3rd period - Snap shot by J.T. Miller.
13:58 of 3rd period - Stopped by Ukko-Pekka Luukkonen with a rebound.
14:08 of 3rd period - Wrist shot by Pavel Zacha.
14:08 of 3rd period - Shot Misses the Net.
14:10 of 3rd period - Snap shot by Pavel Zacha.
14:10 of 3rd period - Stopped by Ukko-Pekka Luukkonen without a rebound.
14:11 of 3rd period - Connor McDavid wins face-off versus Cole Sillinger in Winnipeg Jets zone.
14:11 of 3rd period - Connor McDavid is hit by Cole Sillinger.
14:17 of 3rd period - Oliver Bjorkstrand is hit by Joel Armia.
14:37 of 3rd period - Connor McDavid is hit by Zach Hyman.
14:41 of 3rd period - Drew Doughty is hit by Olli Maatta.
15:24 of 3rd period - Snap shot by Connor McDavid.
15:24 of 3rd period - Stopped by Samuel Montembeault with a rebound.
15:26 of 3rd period - Slapshot by Brayden Pachal.
15:26 of 3rd period - Shot Misses the Net.
15:28 of 3rd period - Snap shot by Olen Zellweger.
15:28 of 3rd period - Stopped by Samuel Montembeault with a rebound.
15:30 of 3rd period - Slapshot by Joel Armia.
15:30 of 3rd period - Stopped by Samuel Montembeault with a rebound.
15:32 of 3rd period - Slapshot by Brayden Pachal.
15:32 of 3rd period - Shot Misses the Net.
15:34 of 3rd period - Slapshot by Olen Zellweger.
15:34 of 3rd period - Shot Blocked by Rasmus Andersson.
15:36 of 3rd period - Snap shot by Joel Armia.
15:36 of 3rd period - Shot Blocked by Rasmus Andersson.
15:50 of 3rd period - Snap shot by Alexis Lafreniere.
15:50 of 3rd period - Stopped by Samuel Montembeault without a rebound.
15:50 of 3rd period - Minor Penalty to Samuel Montembeault for Slashing.
15:51 of 3rd period - Connor Bedard wins face-off versus Pavel Zacha in Calgary Flames zone.
15:58 of 3rd period - Slapshot by Andre Burakovsky.
15:58 of 3rd period - Deflect By Connor Bedard.
15:58 of 3rd period - Shot Blocked by Jeremy Lauzon.
15:58 of 3rd period - Puck is out of play.
15:59 of 3rd period - Pavel Zacha wins face-off versus Connor Bedard in Calgary Flames zone.
16:27 of 3rd period - Jake Middleton is hit by Connor Bedard and loses puck.
16:48 of 3rd period - Snap shot by Connor Bedard.
16:48 of 3rd period - Shot Misses the Net.
16:50 of 3rd period - Wrist shot by Olli Maatta.
16:50 of 3rd period - Shot Misses the Net.
17:20 of 3rd period - Wrist shot by Andre Burakovsky.
17:20 of 3rd period - Stopped by Samuel Montembeault with a rebound.
17:22 of 3rd period - Slapshot by Olli Maatta.
17:22 of 3rd period - Shot Hit the Post.
17:24 of 3rd period - Wrist shot by Dylan Samberg.
17:24 of 3rd period - Shot Misses the Net.
17:32 of 3rd period - Slapshot by Connor Bedard.
17:32 of 3rd period - Stopped by Samuel Montembeault without a rebound.
17:33 of 3rd period - Pavel Zacha wins face-off versus Connor McDavid in Calgary Flames zone.
17:33 of 3rd period - Pavel Zacha is hit by Alexis Lafreniere.
17:50 of 3rd period - Penalty to Garnet Hathaway is over, Garnet Hathaway is back on ice.
18:18 of 3rd period - Wrist shot by Nic Dowd.
18:18 of 3rd period - Stopped by Ukko-Pekka Luukkonen with a rebound.
18:20 of 3rd period - Wrist shot by Garnet Hathaway.
18:20 of 3rd period - Shot Blocked by Olen Zellweger.
18:42 of 3rd period - Wrist shot by Sebastian Aho.
18:42 of 3rd period - Stopped by Ukko-Pekka Luukkonen without a rebound.
18:43 of 3rd period - Sebastian Aho wins face-off versus Ridly Greig in Winnipeg Jets zone.
18:55 of 3rd period - Off-side.
18:56 of 3rd period - Oliver Bjorkstrand wins face-off versus Ridly Greig in neutral zone.
19:27 of 3rd period - Slapshot by Jeff Petry.
19:27 of 3rd period - Shot Blocked by Connor Bedard.
19:29 of 3rd period - Snap shot by Nic Dowd.
19:29 of 3rd period - Shot Misses the Net.
19:31 of 3rd period - Slapshot by Jeff Petry.
19:31 of 3rd period - Shot Blocked by Brayden Pachal.
19:51 of 3rd period - Slapshot by Sebastian Aho.
19:51 of 3rd period - Shot Blocked by Olen Zellweger.
Goals for this period are 2 for Calgary Flames vs 1 for Winnipeg Jets.
Shots for this period are 13 for Calgary Flames vs 8 for Winnipeg Jets.
Overtime #1
0:01 of 1st overtime period - Pavel Zacha wins face-off versus Connor McDavid in neutral zone.
0:53 of 1st overtime period - Connor McDavid is hit by Vincent Desharnais and loses puck.
2:40 of 1st overtime period - Wrist shot by Andre Burakovsky.
2:40 of 1st overtime period - Stopped by Samuel Montembeault without a rebound.
2:41 of 1st overtime period - Pavel Zacha wins face-off versus Ridly Greig in Calgary Flames zone.
2:46 of 1st overtime period - Ridly Greig is hit by Jake Middleton and loses puck.
Goals for this period are 0 for Calgary Flames vs 0 for Winnipeg Jets.
Shots for this period are 0 for Calgary Flames vs 1 for Winnipeg Jets.
ShootOut
5:00 of 1st overtime period - Round #1.
5:00 of 1st overtime period - Calgary Flames, J.T. Miller.
5:00 of 1st overtime period - Wrist shot by J.T. Miller.
5:00 of 1st overtime period - Goal by J.T. Miller.
5:00 of 1st overtime period - Winnipeg Jets, Connor McDavid.
5:00 of 1st overtime period - Deke by Connor McDavid.
5:00 of 1st overtime period - Goal by Connor McDavid.
5:00 of 1st overtime period - Round #2.
5:00 of 1st overtime period - Calgary Flames, Nic Dowd.
5:00 of 1st overtime period - Backhand shot by Nic Dowd.
5:00 of 1st overtime period - Stopped by Ukko-Pekka Luukkonen.
5:00 of 1st overtime period - Winnipeg Jets, Connor Bedard.
5:00 of 1st overtime period - Backhand shot by Connor Bedard.
5:00 of 1st overtime period - Goal by Connor Bedard.
5:00 of 1st overtime period - Round #3.
5:00 of 1st overtime period - Calgary Flames, Joel Eriksson Ek.
5:00 of 1st overtime period - Deke by Joel Eriksson Ek.
5:00 of 1st overtime period - Stopped by Ukko-Pekka Luukkonen.
Back to the Top